[Event "Titled Tuesday Blitz May 31 Late 2022"]
[White "Sarana, Alexey"]
[Black "Donchenko, Alexander"]
[WhiteFideId "24133795"]
[BlackFideId "24603295"]
[WhiteElo "2666"]
[BlackElo "2572"]
[Result "1-0"]
[Round "09"]
[TimeControl "180+1"]
[Date "2022.05.31"]
[WhiteClock "0:00:48"]
[BlackClock "0:02:00"]

1. d4 Nf6 2. c4 e6 3. Nc3 Bb4 4. e3 O-O 5. Bd3 Re8 6. a3 Bxc3+ 7. bxc3 e5 8. Ne2 e4 9. Bc2 d6 10. f3 Be6 11. d5 Bf5 12. Ng3 Bg6 13. f4 h5 14. f5 Bh7 15. O-O h4 16. Ne2 Re5 17. Nd4 c5 18. dxc6 bxc6 19. a4 a6 20. Bd2 c5 21. Ne2 Bxf5 22. Be1 h3 23. Bg3 hxg2 24. Rf2 Ng4 25. Bxe5 Nxf2 26. Kxf2 dxe5 27. Qxd8+ 1-0


[Site "https://www.chess.com"]

[Event "Titled Tuesday Blitz May 31 Late 2022"]
[White "Shirov, Alexei"]
[Black "Shuvalova, Polina"]
[WhiteFideId "2209390"]
[BlackFideId "24171760"]
[WhiteElo "2678"]
[BlackElo "2355"]
[Result "1-0"]
[Round "09"]
[TimeControl "180+1"]
[Date "2022.05.31"]
[WhiteClock "0:00:10"]
[BlackClock "0:00:03"]

1. e4 c6 2. d4 d5 3. e5 Bf5 4. h4 h5 5. Bd3 Bxd3 6. Qxd3 Qa5+ 7. Nd2 e6 8. Nf3 Ne7 9. O-O Nf5 10. Nb3 Qa6 11. Qd1 Be7 12. Bg5 Bxg5 13. Nxg5 Nxh4 14. g3 Nf5 15. Kg2 Nd7 16. Rh1 g6 17. g4 Ng7 18. Qf3 Rf8 19. Nh7 O-O-O 20. Nxf8 Rxf8 21. gxh5 Nxh5 22. Rh4 Qc4 23. Qd3 Nxe5 24. Qxc4 Nxc4 25. Nc5 Nd6 26. c3 Nf5 27. Rh2 b6 28. Nd3 Kc7 29. b4 Nf6 30. a4 Ne4 31. Ra3 Nfd6 32. a5 Nb5 33. axb6+ axb6 34. Ra1 Nexc3 35. Ne5 Kb7 36. Rh7 Nd6 37. Kf3 Ncb5 38. Ke3 Nf5+ 39. Kd3 Nbd6 40. Nxg6 Rg8 41. Ne5 Rf8 42. Rc1 Ra8 43. Nxf7 Ra3+ 44. Rc3 Rxc3+ 45. Kxc3 Nb5+ 46. Kd3 Nbxd4 47. Nd6+ Ka6 48. Nxf5 Nxf5 49. Rf7 Kb5 50. Rf6 Kxb4 51. Rxe6 Kc5 52. f4 b5 53. Re5 Nd6 54. f5 Ne4 55. Re6 Ng5 56. Rg6 Nf3 57. Ke3 Ne5 58. Re6 Ng4+ 59. Kf4 Nf2 60. f6 Nd3+ 61. Kf5 b4 62. f7 b3 63. f8=Q+ Kc4 64. Rxc6+ Kb5 65. Rc8 1-0


[Site "https://www.chess.com"]

[Event "Titled Tuesday Blitz May 31 Late 2022"]
[White "Sibilio, Mario"]
[Black "Zakarian, David"]
[WhiteFideId "800422"]
[BlackFideId "13301276"]
[WhiteElo "2296"]
[BlackElo "2451"]
[Result "0-1"]
[Round "09"]
[TimeControl "180+1"]
[Date "2022.06.01"]
[WhiteClock "0:00:01"]
[BlackClock "0:00:06"]

1. Nf3 c5 2. e4 Nc6 3. Bb5 Qb6 4. a4 a6 5. Bc4 e6 6. O-O d6 7. c3 Nf6 8. Re1 Be7 9. d4 O-O 10. d5 Na5 11. Ba2 e5 12. Nbd2 Bg4 13. Rb1 c4 14. Nxc4 Nxc4 15. Bxc4 Rac8 16. Bf1 h6 17. h3 Bh5 18. Bd2 Bg6 19. Bd3 Nxd5 20. Bxh6 Nf6 21. Bg5 Rfe8 22. Nd2 d5 23. Bxf6 Bxf6 24. Qf3 d4 25. Nc4 Qe6 26. cxd4 Rxc4 27. d5 Qc8 28. Bxc4 Qxc4 29. Rbc1 Qxa4 30. Rc7 Qb4 31. Rec1 Bxe4 32. Qg4 b5 33. Rc8 Rxc8 34. Rxc8+ Qf8 35. Rxf8+ Kxf8 36. Qc8+ Ke7 37. Qc7+ Ke8 38. d6 Bf5 39. g4 Be6 40. f4 exf4 41. Qb8+ Bd8 0-1


[Site "https://www.chess.com"]

[Event "Titled Tuesday Blitz May 31 Late 2022"]
[White "Tatarinov, Dmitry"]
[Black "Golubev, Mikhail"]
[WhiteFideId "24160067"]
[BlackFideId "14100983"]
[WhiteElo "2302"]
[BlackElo "2374"]
[Result "1-0"]
[Round "09"]
[TimeControl "180+1"]
[Date "2022.05.31"]
[WhiteClock "0:01:15"]
[BlackClock "0:00:04"]

1. c4 g6 2. Nc3 Bg7 3. g3 e5 4. Bg2 Nc6 5. Nf3 d6 6. O-O f5 7. d3 h6 8. Nd2 Nf6 9. Rb1 O-O 10. b4 Kh7 11. b5 Ne7 12. a4 f4 13. Nde4 Nxe4 14. Nxe4 g5 15. a5 a6 16. b6 c6 17. Ba3 c5 18. Bb2 Nc6 19. Bc3 Be6 20. e3 Qd7 21. Rb2 Bg4 22. Bf3 Bxf3 23. Qxf3 fxe3 24. Qxe3 Nd4 25. Bxd4 exd4 26. Qe1 Rf3 27. Nd2 Rf7 28. Qe2 Raf8 29. Ne4 Kg8 30. Rbb1 Be5 31. Rbe1 g4 32. Nd2 Kg7 33. f4 gxf3 34. Rxf3 Rxf3 35. Nxf3 Re8 36. Qe4 Re7 37. Nh4 Re6 38. Kg2 Qe8 39. Qxb7+ Re7 40. Qxe7+ Qxe7 41. Nf5+ Kg6 42. Nxe7+ Kg5 43. Rxe5+ 1-0


[Site "https://www.chess.com"]

[Event "Titled Tuesday Blitz May 31 Late 2022"]
[White "Terletsky, Oleg"]
[Black "D`Arruda, Ricardo D."]
[WhiteFideId "14116774"]
[BlackFideId "100692"]
[WhiteElo "2064"]
[BlackElo "2446"]
[Result "0-1"]
[Round "09"]
[TimeControl "180+1"]
[Date "2022.06.01"]
[WhiteClock "0:00:01"]
[BlackClock "0:00:14"]

1. e4 c5 2. Nf3 Nc6 3. d4 cxd4 4. Nxd4 e5 5. Nb5 a6 6. Nd6+ Bxd6 7. Qxd6 Qe7 8. Qc7 d5 9. Qxe7+ Ngxe7 10. Nc3 Nb4 11. Kd1 dxe4 12. a3 Nbc6 13. Nxe4 O-O 14. Be3 Rd8+ 15. Kc1 Bf5 16. Bd3 Rac8 17. Bb6 Rd5 18. f3 Nd4 19. Kd2 Nxc2 20. Rac1 Rc6 21. Rxc2 Rxb6 22. Ke3 Rd8 23. b4 Nd5+ 24. Kf2 Nxb4 25. axb4 Rxd3 26. Rhc1 h6 27. Nc5 Rd4 28. Re2 f6 29. g4 Bg6 30. Na4 Rbxb4 31. Rc8+ Kh7 32. Nc5 Rbc4 33. h4 Rd5 34. h5 Rcxc5 35. hxg6+ Kxg6 36. Rb8 Rb5 37. Rc8 a5 38. Rc7 a4 39. f4 a3 40. Kg3 Rd3+ 41. Kh4 Rbb3 42. f5+ Kh7 43. Rh2 a2 0-1


[Site "https://www.chess.com"]

[Event "Titled Tuesday Blitz May 31 Late 2022"]
[White "Terry, Renato"]
[Black "Fier, Alexandr"]
[WhiteFideId "3803457"]
[BlackFideId "2107139"]
[WhiteElo "2577"]
[BlackElo "2571"]
[Result "0-1"]
[Round "09"]
[TimeControl "180+1"]
[Date "2022.05.31"]
[WhiteClock "0:00:25"]
[BlackClock "0:01:47"]

1. h4 d5 2. a4 e5 3. g3 Nc6 4. Bg2 Be6 5. b3 Qd7 6. Bb2 f6 7. e3 O-O-O 8. Ne2 Nh6 9. d3 Ng4 10. Qd2 Bb4 11. c3 Bd6 12. b4 Kb8 13. a5 Ne7 14. d4 e4 15. Na3 h5 16. b5 g5 17. c4 dxc4 18. Bxe4 Bxa3 19. Bxa3 Bd5 20. Qc2 Bxe4 21. Qxe4 Nd5 22. b6 Rhe8 23. bxc7+ Qxc7 24. Qb1 Qxa5+ 25. Kf1 Ndxe3+ 26. fxe3 Nxe3+ 27. Kf2 Qd2 28. Qa2 Ng4+ 29. Kf1 Rxe2 30. Qxd2 Rxd2 31. hxg5 Ne3+ 32. Ke1 c3 0-1


[Site "https://www.chess.com"]

[Event "Titled Tuesday Blitz May 31 Late 2022"]
[White "Urazayev, Arystanbek"]
[Black "Keller, Peter"]
[WhiteFideId "13709810"]
[BlackFideId "1272105"]
[WhiteElo "2422"]
[BlackElo "2275"]
[Result "1-0"]
[Round "09"]
[TimeControl "180+1"]
[Date "2022.05.31"]
[WhiteClock "0:01:37"]
[BlackClock "0:00:01"]

1. d4 Nf6 2. c4 e6 3. Nc3 Bb4 4. Nf3 c5 5. g3 Nc6 6. Bg2 Ne4 7. Bd2 Nxd2 8. Qxd2 cxd4 9. Nxd4 O-O 10. O-O Ne5 11. b3 a6 12. Nc2 Be7 13. f4 Ng4 14. Bf3 Bc5+ 15. Kg2 f5 16. Rad1 h5 17. e4 Qf6 18. e5 Qg6 19. b4 Ba7 20. h4 Rb8 21. Qd6 Rd8 22. c5 Qe8 23. Na4 Qf8 24. Nb6 Qxd6 25. Rxd6 Bxb6 26. cxb6 Kf8 27. Bxg4 hxg4 28. a4 Ke7 29. a5 g6 30. Nd4 Ra8 31. Nb3 Rh8 32. Nc5 Rd8 33. Rfd1 Rb8 34. Nxe6 Rg8 35. Nc5 Rf8 1-0


[Site "https://www.chess.com"]

[Event "Titled Tuesday Blitz May 31 Late 2022"]
[White "Vasquez Schroeder, Rodrigo"]
[Black "Fishbein, Alexander"]
[WhiteFideId "3400042"]
[BlackFideId "2000377"]
[WhiteElo "2567"]
[BlackElo "2442"]
[Result "1-0"]
[Round "09"]
[TimeControl "180+1"]
[Date "2022.05.31"]
[WhiteClock "0:00:15"]
[BlackClock "0:00:09"]

1. e4 c5 2. Nf3 d6 3. d4 cxd4 4. Nxd4 Nf6 5. Nc3 Nc6 6. Bg5 e6 7. Qd2 Be7 8. O-O-O O-O 9. f4 h6 10. Bh4 Nxd4 11. Qxd4 a6 12. e5 dxe5 13. fxe5 Qxd4 14. Rxd4 Bc5 15. Rc4 Be3+ 16. Kd1 Nd7 17. Re4 Ba7 18. Bd3 b5 19. Rhe1 Nc5 20. Rg4 Nxd3 21. cxd3 Kh7 22. Ne4 Bb7 23. Nd6 Bd5 24. Be7 Rfb8 25. Rf1 Rg8 26. Rxf7 Kh8 27. Rg6 Kh7 28. Rg3 Kh8 29. a3 Bd4 30. Rf4 Bxe5 31. Nf7+ Kh7 32. Nxe5 Rae8 33. Rf7 1-0


[Site "https://www.chess.com"]

[Event "Titled Tuesday Blitz May 31 Late 2022"]
[White "Wieczorek, Oskar"]
[Black "Maksimenko, Viktor"]
[WhiteFideId "1133950"]
[BlackFideId "13710478"]
[WhiteElo "2330"]
[BlackElo "2269"]
[Result "1-0"]
[Round "09"]
[TimeControl "180+1"]
[Date "2022.05.31"]
[WhiteClock "0:00:25"]
[BlackClock "0:00:56"]

1. e4 c6 2. d4 d5 3. Nd2 dxe4 4. Nxe4 Nf6 5. Nxf6+ exf6 6. Be2 Bd6 7. Bf3 O-O 8. Ne2 Re8 9. O-O Bf5 10. c4 Nd7 11. Be3 Nf8 12. c5 Bc7 13. d5 cxd5 14. Bxd5 Be4 15. Bxe4 Rxe4 16. Nc3 Re8 17. b4 Be5 18. Qb3 Qc8 19. Rac1 Ng6 20. Nd5 Nh4 21. Qc4 Nf5 22. Rfd1 Qe6 23. b5 Rac8 24. c6 Nd6 25. Qb3 Nxb5 26. cxb7 Rxc1 27. Rxc1 a6 28. Rc8 Bb8 29. Nxf6+ 1-0


[Site "https://www.chess.com"]

[Event "Titled Tuesday Blitz May 31 Late 2022"]
[White "Xiong, Jeffery"]
[Black "Ivic, Velimir"]
[WhiteFideId "2047640"]
[BlackFideId "950122"]
[WhiteElo "2727"]
[BlackElo "2610"]
[Result "1-0"]
[Round "09"]
[TimeControl "180+1"]
[Date "2022.05.31"]
[WhiteClock "0:01:57"]
[BlackClock "0:01:05"]

1. d4 Nf6 2. Nf3 g6 3. Nbd2 c5 4. dxc5 Qa5 5. a3 Qxc5 6. b4 Qc7 7. Bb2 Bg7 8. g3 b6 9. Bg2 Bb7 10. O-O O-O 11. c4 d6 12. Qb3 Nbd7 13. Rfd1 Rac8 14. Rac1 Qb8 15. Nf1 a6 16. Ne3 b5 17. Bh3 bxc4 18. Nxc4 Rc7 19. Na5 Bd5 20. Rxd5 Nxd5 21. Rxc7 Qxc7 22. Bxg7 Kxg7 23. Qxd5 Nf6 24. Qc6 Qxc6 25. Nxc6 e6 26. Nfd4 Rc8 27. f3 Rc7 28. Bxe6 Rxc6 29. Nxc6 fxe6 30. Nb8 a5 31. b5 1-0


[Site "https://www.chess.com"]

[Event "Titled Tuesday Blitz May 31 Late 2022"]
[White "Yurovskykh, Oleksandr"]
[Black "Hasangatin, Ramil"]
[WhiteFideId "14134020"]
[BlackFideId "4122160"]
[WhiteElo "2292"]
[BlackElo "2399"]
[Result "1-0"]
[Round "09"]
[TimeControl "180+1"]
[Date "2022.06.01"]
[WhiteClock "0:00:05"]
[BlackClock "0:00:02"]

1. d4 Nf6 2. Nf3 d6 3. Bg5 Nbd7 4. e3 e5 5. c4 Be7 6. Nc3 O-O 7. Be2 c6 8. O-O Re8 9. Qc2 Qc7 10. Rfd1 Nf8 11. Bh4 Ng6 12. Bg3 Nh5 13. Rac1 Nxg3 14. hxg3 exd4 15. Nxd4 Bf8 16. Bd3 Bd7 17. Bf5 Rad8 18. Bxd7 Rxd7 19. b3 Ne5 20. Nf3 Ng4 21. Nh2 Nf6 22. Rd2 g6 23. Rcd1 Bg7 24. Ne2 Red8 25. Nf4 Qa5 26. Nf3 a6 27. Rd3 Qc5 28. R3d2 b5 29. Qd3 bxc4 30. Qxc4 Qb6 31. Rc2 Rc7 32. Qa4 Qb5 33. Qc4 Qxc4 34. Rxc4 Rcc8 35. Ra4 Ra8 36. Rc1 Rdc8 37. Nd4 c5 38. Nde2 d5 39. Ra5 Bf8 40. Rd1 Rd8 41. Nc3 d4 42. exd4 cxd4 43. Ncd5 Nxd5 44. Rxd5 Bg7 45. Rxd8+ Rxd8 46. Nd3 Bh6 47. f4 Rc8 48. Rc1 Rc3 49. Rxc3 dxc3 50. Nb4 Bf8 51. Nc2 f5 52. Kf1 a5 53. Ke2 Bc5 54. Ne1 Kf7 55. Nd3 Bd4 56. Kd1 Ke6 57. Nc1 Kd5 58. Ne2 Bf6 59. Kc2 Ke4 60. Nxc3+ Kd4 61. Nd1 Be7 62. Kd2 Bb4+ 63. Ke2 Ba3 64. Nf2 Kc3 65. Nd3 Bd6 66. Ke3 h5 67. Ne5 g5 68. Nc4 Bc5+ 69. Ke2 gxf4 70. gxf4 a4 71. Ne5 a3 72. Nd3 Bd4 73. g3 1-0


[Site "https://www.chess.com"]

[Event "Titled Tuesday Blitz May 31 Late 2022"]
[White "Zeynalli, Rashad"]
[Black "Gomez Ledo, Roberto Carlos"]
[WhiteFideId "13403320"]
[BlackFideId "3507076"]
[WhiteElo "2125"]
[BlackElo "2379"]
[Result "1-0"]
[Round "09"]
[TimeControl "180+1"]
[Date "2022.06.01"]
[WhiteClock "0:00:11"]
[BlackClock "0:00:05"]

1. d4 Nf6 2. Bf4 d5 3. e3 e6 4. Nd2 Bd6 5. Bg3 Qe7 6. Ngf3 O-O 7. Bd3 Nc6 8. Ne5 Nd7 9. Nxc6 bxc6 10. Bxd6 cxd6 11. O-O c5 12. c3 e5 13. e4 cxd4 14. cxd4 Bb7 15. Re1 Qf6 16. exd5 Bxd5 17. Ne4 Bxe4 18. Bxe4 Rab8 19. dxe5 Nxe5 20. b3 Rfd8 21. Qe2 d5 22. Bxh7+ Kxh7 23. Qxe5 Qg6 24. Rad1 f6 25. Qe6 d4 26. Re4 Qg5 27. h4 Qc5 28. Rd3 Rd5 29. Rg4 Rb7 30. Rdg3 d3 31. Rxd3 Re5 32. Qc4 Re1+ 33. Kh2 Qe5+ 34. Qf4 Qa1 35. Qf5+ Kg8 36. Rd8+ Kf7 37. Qg6+ Ke7 38. Qe8# 1-0


[Site "https://www.chess.com"]

[Event "Titled Tuesday Blitz May 31 Late 2022"]
[White "Zhigalko, Sergei"]
[Black "Bluebaum, Matthias"]
[WhiteFideId "13502956"]
[BlackFideId "24651516"]
[WhiteElo "2662"]
[BlackElo "2556"]
[Result "1-0"]
[Round "09"]
[TimeControl "180+1"]
[Date "2022.05.31"]
[WhiteClock "0:00:03"]
[BlackClock "0:00:06"]

1. e4 e5 2. Nf3 Nf6 3. d4 Nxe4 4. Bd3 d5 5. Nxe5 Nd7 6. Nxd7 Bxd7 7. O-O Bd6 8. Nc3 Nxc3 9. bxc3 O-O 10. Qh5 f5 11. Re1 c6 12. c4 Qf6 13. c3 Rae8 14. Bd2 Qf7 15. Qxf7+ Kxf7 16. c5 Bc7 17. c4 Rxe1+ 18. Rxe1 Re8 19. Rb1 b6 20. cxb6 axb6 21. cxd5 cxd5 22. Bb4 Ra8 23. a3 Bd8 24. Be2 Bf6 25. Bf3 Be6 26. Rd1 Be7 27. Bxe7 Kxe7 28. Rd3 f4 29. Rb3 Ra4 30. g3 Rxd4 31. Rxb6 Rd3 32. Kg2 fxg3 33. hxg3 Rxa3 34. Rb7+ Kf6 35. Rb6 Ke5 36. Rb7 g5 37. Rxh7 g4 38. Rh5+ Kd4 39. Bxg4 Bxg4 40. Rh4 Kc3 41. Rxg4 d4 42. Rg8 Ra4 43. Rc8+ Rc4 44. Rd8 d3 45. Kf1 Kc2 46. f3 d2 47. Ke2 Kc1 48. Rxd2 Rc7 49. Rd3 Re7+ 50. Re3 Ra7 51. f4 Ra3 52. Rxa3 1-0


[Site "https://www.chess.com"]

[Event "Titled Tuesday Blitz May 31 Late 2022"]
[White "Abarca Gonzalez, Nicolas"]
[Black "Christiansen, Johan-Sebastian"]
[WhiteFideId "3409422"]
[BlackFideId "1512668"]
[WhiteElo "2504"]
[BlackElo "2513"]
[Result "1-0"]
[Round "10"]
[TimeControl "180+1"]
[Date "2022.05.31"]
[WhiteClock "0:01:20"]
[BlackClock "0:00:03"]

1. e4 e5 2. Nf3 Nc6 3. Bc4 Nf6 4. Ng5 d5 5. exd5 Na5 6. Bb5+ c6 7. dxc6 bxc6 8. Bd3 Nd5 9. h4 h6 10. Qh5 Qf6 11. Nh7 Rxh7 12. Bxh7 g6 13. Qe2 Nf4 14. Qf3 Bc5 15. Nc3 Bf5 16. d3 O-O-O 17. g3 Ne6 18. Be3 Bxe3 19. fxe3 h5 20. e4 Nd4 21. Qf2 Qg7 22. exf5 Qxh7 23. f6 Qh6 24. Ne4 Qf8 25. c3 Nb5 26. a4 Nc7 27. Qxa7 Rxd3 28. O-O Nc4 29. Rad1 Qd8 30. Nc5 Re3 31. Qb7# 1-0


[Site "https://www.chess.com"]

[Event "Titled Tuesday Blitz May 31 Late 2022"]
[White "Andreikin, Dmitry"]
[Black "Xiong, Jeffery"]
[WhiteFideId "4158814"]
[BlackFideId "2047640"]
[WhiteElo "2736"]
[BlackElo "2727"]
[Result "1-0"]
[Round "10"]
[TimeControl "180+1"]
[Date "2022.05.31"]
[WhiteClock "0:01:43"]
[BlackClock "0:01:33"]

1. d4 d5 2. c4 e6 3. Nf3 dxc4 4. e3 a6 5. Bxc4 Nf6 6. O-O c5 7. dxc5 Qxd1 8. Rxd1 Bxc5 9. Be2 O-O 10. b3 b6 11. Nc3 Be7 12. Bb2 Bb7 13. Rac1 Nbd7 14. Nd4 Rfc8 15. Bf3 Bxf3 16. Nxf3 Nc5 17. Kf1 Kf8 18. Ne5 Ke8 19. Nc4 Rc6 20. Ne2 Rb8 21. Be5 Rb7 22. Nd4 Rc8 23. b4 Nce4 24. f3 b5 25. Na5 Rxc1 26. Rxc1 Nd2+ 27. Ke2 1-0


[Site "https://www.chess.com"]

[Event "Titled Tuesday Blitz May 31 Late 2022"]
[White "Avazkhonov, Alikhon"]
[Black "Ambartsumova, Karina"]
[WhiteFideId "14208504"]
[BlackFideId "4166299"]
[WhiteElo "1739"]
[BlackElo "2262"]
[Result "1-0"]
[Round "10"]
[TimeControl "180+1"]
[Date "2022.06.01"]
[WhiteClock "0:00:04"]
[BlackClock "0:00:10"]

1. c4 Nf6 2. Nc3 g6 3. g3 Bg7 4. Bg2 O-O 5. e4 d6 6. Nge2 e5 7. O-O Nc6 8. d3 Nd7 9. f4 f5 10. Be3 Nd4 11. Bxd4 exd4 12. Nb5 Nc5 13. Nbxd4 Re8 14. b4 fxe4 15. bxc5 dxc5 16. Nb3 exd3 17. Bd5+ Be6 18. Qxd3 Bxd5 19. cxd5 Bxa1 20. Rxa1 b6 21. Nc3 Qf6 22. Rd1 Rad8 23. Qc4 Kh8 24. Ne4 Qb2 25. Qc3+ Qxc3 26. Nxc3 a6 27. Kf2 Kg7 28. Nd2 b5 29. Nf3 b4 30. Na4 c4 31. Ne5 c3 32. Nc5 Rd6 33. Ne4 Rb6 34. Nc5 a5 35. Ne6+ Kg8 36. Nd7 Rd6 37. Nf6+ Kf7 38. Nxe8 Kxe8 39. Nxc7+ Kd7 40. Nb5 Rb6 41. Nd4 a4 42. Ke3 b3 43. axb3 axb3 44. Kd3 c2 45. Re1 b2 46. Kxc2 Kd6 47. Re6+ Kxd5 48. Rxb6 Kxd4 49. Rxb2 Ke4 50. Rb7 Kf3 51. Rxh7 Kg2 52. Rh4 Kh1 53. Kd3 Kg1 54. g4 Kh1 55. f5 1-0


[Site "https://www.chess.com"]

[Event "Titled Tuesday Blitz May 31 Late 2022"]
[White "Balabayeva, Xeniya"]
[Black "Svicevic, Rastko"]
[WhiteFideId "13719688"]
[BlackFideId "916315"]
[WhiteElo "1941"]
[BlackElo "2132"]
[Result "1-0"]
[Round "10"]
[TimeControl "180+1"]
[Date "2022.06.01"]
[WhiteClock "0:00:17"]
[BlackClock "0:00:01"]

1. e4 c6 2. d3 d5 3. Nf3 g6 4. e5 d4 5. Qe2 Bg7 6. h3 Nd7 7. g3 Nxe5 8. Nxe5 Qa5+ 9. Bd2 Qxe5 10. Qxe5 Bxe5 11. Bg2 Be6 12. Na3 O-O-O 13. O-O Nf6 14. Nc4 Bc7 15. a4 Bd5 16. Rae1 Bxg2 17. Kxg2 Nd5 18. b4 Rhe8 19. f4 b5 20. axb5 cxb5 21. Ne5 Bxe5 22. Rxe5 f6 23. Re4 e5 24. fxe5 fxe5 25. Rfe1 Kd7 26. Rxe5 Ne3+ 27. R5xe3 dxe3 28. Bxe3 Rc8 29. Re2 Re6 30. Kf2 Rce8 31. c4 Kc6 32. Kf3 g5 33. g4 h6 34. Re1 a6 35. Kf2 Re5 36. Kf3 bxc4 37. dxc4 Re4 38. b5+ axb5 39. cxb5+ Kxb5 40. Rb1+ Kc4 41. Bf2 Rf4+ 42. Kg3 Re2 43. Bg1 Kd3 44. Rb3+ Kc2 45. Rb6 Rc4 46. Bf2 Kc1 47. Rxh6 Rc3+ 48. Kg2 Rcc2 49. Rf6 Kd1 50. Rf5 Ra2 51. Kf1 Reb2 52. Kg2 Kc1 53. Kf1 Kb1 54. Kg2 Rc2 55. Kf1 Rc1+ 56. Kg2 Rcc2 57. Rb5+ Kc1 58. Rf5 Kd1 59. Kf1 Rd2 60. Kg2 Rac2 61. Kf1 1-0


[Site "https://www.chess.com"]

[Event "Titled Tuesday Blitz May 31 Late 2022"]
[White "Bas Mas, Jose Joaquin"]
[Black "Eynullayev, Atilla"]
[WhiteFideId "22219064"]
[BlackFideId "13413570"]
[WhiteElo "2233"]
[BlackElo "1936"]
[Result "1-0"]
[Round "10"]
[TimeControl "180+1"]
[Date "2022.05.31"]
[WhiteClock "0:00:49"]
[BlackClock "0:00:01"]

1. e4 c5 2. Nc3 e6 3. Nf3 Nc6 4. d4 cxd4 5. Nxd4 a6 6. Nxc6 bxc6 7. Bd3 d5 8. Qe2 Nf6 9. O-O Be7 10. b3 O-O 11. Bb2 Bb7 12. Na4 Rc8 13. c4 Nxe4 14. Bxe4 dxe4 15. Rad1 Qc7 16. c5 f5 17. f3 e5 18. fxe4 f4 19. Qg4 Bf6 20. Rd7 Qb8 21. Rfd1 Rce8 22. Nb6 a5 23. R1d6 Rf7 24. Rxf7 Kxf7 25. Nd7 Qa7 26. Qh5+ Ke7 27. Ba3 Bc8 28. Nxf6 Rf8 29. Nxh7 1-0


[Site "https://www.chess.com"]

[Event "Titled Tuesday Blitz May 31 Late 2022"]
[White "Blackman, Justin"]
[Black "Nazaretyan, Tigran"]
[WhiteFideId "11100516"]
[BlackFideId "24162345"]
[WhiteElo "2112"]
[BlackElo "2225"]
[Result "1/2-1/2"]
[Round "10"]
[TimeControl "180+1"]
[Date "2022.05.31"]
[WhiteClock "0:00:44"]
[BlackClock "0:00:12"]

1. e4 c5 2. Nf3 Nc6 3. d4 cxd4 4. Nxd4 Nf6 5. Nc3 d6 6. Bg5 e6 7. Qd2 a6 8. O-O-O Bd7 9. f4 h6 10. Bh4 g5 11. fxg5 Ng4 12. h3 Nge5 13. Kb1 Be7 14. Be2 hxg5 15. Bf2 Qc7 16. Rhf1 O-O-O 17. Nb3 Na5 18. Bd4 Nac4 19. Qe1 f6 20. Qf2 Kb8 21. Nd2 Rc8 22. Nxc4 Nxc4 23. Rd3 Ne5 24. Rdd1 Rhf8 25. a3 Bc6 26. Qe3 b5 27. Bxe5 dxe5 28. Bg4 Bd7 29. Rd2 Bc5 30. Qe1 f5 31. Bf3 f4 32. Rd3 Bd4 33. Qd2 Qb6 34. Ne2 Rc4 35. c3 Be3 36. Rxe3 fxe3 37. Qxd7 Rxe4 38. Rd1 Rc4 39. Rd6 Qc7 40. Qxe6 e4 41. Bxe4 Rxe4 42. Rb6+ Ka7 43. Rxa6+ Kb7 44. Qxe4+ Kxa6 45. Qxe3 Rf1+ 46. Kc2 Qd6 47. Nd4 Qg6+ 48. Kb3 Qf7+ 49. Qe6+ Qxe6+ 50. Nxe6 Rf5 51. g4 Re5 52. Nd4 Kb6 53. Kb4 Re3 54. c4 bxc4 55. Kxc4 Rxh3 56. b4 Rg3 57. a4 Rxg4 58. a5+ Ka6 59. Kd5 Rg1 60. Ke4 g4 61. Ne2 Rf1 62. Ng3 Rf3 63. Ne2 Rf2 64. Ke3 Rf3+ 65. Ke4 Kb5 66. Nd4+ Kxb4 67. Nxf3 Kxa5 68. Kf4 gxf3 69. Kxf3 1/2-1/2


[Site "https://www.chess.com"]

[Event "Titled Tuesday Blitz May 31 Late 2022"]
[White "Bluebaum, Matthias"]
[Black "Halkias, Stelios"]
[WhiteFideId "24651516"]
[BlackFideId "4201809"]
[WhiteElo "2556"]
[BlackElo "2453"]
[Result "1-0"]
[Round "10"]
[TimeControl "180+1"]
[Date "2022.05.31"]
[WhiteClock "0:01:12"]
[BlackClock "0:00:16"]

1. d4 Nf6 2. c4 g6 3. Nc3 Bg7 4. e4 d6 5. Nf3 O-O 6. Be2 e5 7. Be3 c6 8. d5 Ng4 9. Bg5 f6 10. Bh4 c5 11. O-O Nh6 12. Ne1 Nf7 13. Nc2 Bh6 14. Bg4 Bg5 15. Bxc8 Qxc8 16. Bg3 f5 17. f4 exf4 18. Bxf4 Bxf4 19. Rxf4 Ne5 20. Ne3 fxe4 21. Rxf8+ Qxf8 22. Qf1 Qh6 23. Qe2 Nbd7 24. Nxe4 Rf8 25. Nxd6 Rf4 26. Rf1 Rxf1+ 27. Nxf1 Qf4 28. b3 Nf6 29. Qe3 Nf3+ 30. Qxf3 Qxd6 31. Qe3 Kf7 32. h3 b5 33. Nd2 bxc4 34. bxc4 Qa6 35. Nf3 h6 36. Qxc5 Qxa2 37. Ne5+ Kg8 38. Qc8+ 1-0


[Site "https://www.chess.com"]

[Event "Titled Tuesday Blitz May 31 Late 2022"]
[White "Cruz Mendez, Jean Marco"]
[Black "Reprintsev, Alexander"]
[WhiteFideId "3526402"]
[BlackFideId "14100541"]
[WhiteElo "2064"]
[BlackElo "2108"]
[Result "1/2-1/2"]
[Round "10"]
[TimeControl "180+1"]
[Date "2022.06.01"]
[WhiteClock "0:00:16"]
[BlackClock "0:00:03"]

1. Nf3 d5 2. b3 Bf5 3. Bb2 e6 4. d3 Nd7 5. Nbd2 h6 6. g3 Ngf6 7. Bg2 Be7 8. O-O O-O 9. Re1 Bh7 10. e4 dxe4 11. dxe4 Nc5 12. e5 Nfe4 13. Nxe4 Nxe4 14. Nd4 Nc5 15. h4 c6 16. Rc1 a5 17. a3 Qb6 18. Qg4 Rad8 19. Bf1 Na4 20. Ba1 Bxa3 21. bxa4 Bxc1 22. Rxc1 Qb4 23. c3 Qxa4 24. Qe2 c5 25. Nb5 Bd3 26. Qb2 Bxf1 27. Rxf1 Rd5 28. Nd6 c4 29. Qxb7 Rxe5 30. Qc7 Re2 31. Qxc4 Qc2 32. Qf4 e5 33. Qg4 g6 34. c4 Kh7 35. h5 Qd3 36. hxg6+ fxg6 37. Qd7+ Kg8 38. Qe6+ Kg7 39. Bxe5+ Rxe5 40. Qxe5+ Kg8 41. Ne4 Qxc4 42. Nf6+ Kf7 43. Ne4 Qe6 44. Qxe6+ Kxe6 45. Ra1 Ra8 46. Kg2 Kd5 47. Nf6+ Kd4 48. Ng4 h5 49. Ne3 a4 50. Kf3 Kc3 51. Nd1+ Kc2 52. Kf4 a3 53. Kg5 Ra6 54. f4 a2 55. Kh4 Kd2 56. Nb2 Kc2 57. Nc4 Kb3 58. Ne3 Kb2 59. Rh1 a1=Q 60. Rxa1 Rxa1 61. Kg5 Rg1 62. Kxg6 Rxg3+ 63. Kxh5 Rxe3 64. f5 Kc3 65. Kg6 Kd4 66. f6 Ke5 67. f7 Rg3+ 68. Kh7 Rh3+ 69. Kg8 Rg3+ 70. Kh8 Rf3 71. Kg8 Rg3+ 72. Kh8 Rf3 73. Kg8 Rg3+ 1/2-1/2


[Site "https://www.chess.com"]

[Event "Titled Tuesday Blitz May 31 Late 2022"]
[White "D`Arruda, Ricardo D."]
[Black "Barria Zuniga, Daniel"]
[WhiteFideId "100692"]
[BlackFideId "3400816"]
[WhiteElo "2453"]
[BlackElo "2414"]
[Result "1-0"]
[Round "10"]
[TimeControl "180+1"]
[Date "2022.06.01"]
[WhiteClock "0:00:15"]
[BlackClock "0:00:01"]

1. d4 g6 2. e4 Bg7 3. Nc3 c5 4. d5 d6 5. Nf3 Nf6 6. Bg5 h6 7. Bh4 O-O 8. Be2 b5 9. Nd2 b4 10. Na4 Nbd7 11. O-O Nb6 12. Nxb6 axb6 13. a4 e6 14. Bc4 g5 15. Bg3 exd5 16. exd5 Re8 17. Re1 Rxe1+ 18. Qxe1 Bf5 19. c3 bxc3 20. bxc3 Nh5 21. Nb3 Qf6 22. Rc1 Nxg3 23. hxg3 Qe5 24. Qxe5 Bxe5 25. Bb5 Kf8 26. c4 Ke7 27. Re1 Kf6 28. Re3 g4 29. f4 gxf3 30. Rxf3 Kg5 31. Nd2 Bg6 32. Kh2 h5 33. Kg1 f5 34. Ra3 Kf6 35. Kf2 Ra7 36. Nf3 Re7 37. a5 bxa5 38. Rxa5 Bd4+ 39. Nxd4 cxd4 40. Ra3 Ke5 41. Ra1 f4 42. Re1+ Be4 43. gxf4+ Kxf4 44. c5 dxc5 45. Bd3 h4 46. Rxe4+ Rxe4 47. Bxe4 1-0


[Site "https://www.chess.com"]